Moon, chaotic male elven Priest ------- |....>-################################ |.....| --------------- ----- # |.{...| |.............|#####....-### ----- |.....| #-.............|# |{..| ----------- ##-...| |.....| ###|....%........|# |...+ |.........|# # |...| |......##`##|...........(.|# |..(| +..........### |...| -.-----#%# #|.......>.....|# ----- |.........|####+....#######------ # # #----------.----# # # |.........| |...| #f@.@m| # ###############)################-.........| ....| |.!!!| ### # # ----------- ----- |.]!!| # ### |.!!!| ---.--- # ------ |.....| ### |.....| # |.....| -|------------ |....%| |......<.....| ------- |...{......... -------------- Moon the Aspirant Experience level: 2 Strength: 10 Dexterity: 15 Constitution: 13 Intelligence: 10 Wisdom: 19 Charisma: 9 Health: 0(16) Energy: 16(16) Def: 3 Gold: 0 Moves: 1074 Dungeon seed: uQ8WG3l3vfVmn20_ Game ID: Moon_1614113034 Your Inventory: Weapons a - a blessed +1 mace (weapon in hand) x - 11 +0 ya Armor e - a +0 robe (being worn) n - a +0 small shield (being worn) q - a +0 ring mail Comestibles c - a clove of garlic i - a tripe ration Scrolls l - a scroll of identify p - a scroll of light s - a scroll of create monster t - a cursed scroll of light Spellbooks f - a spellbook of healing g - a spellbook of detect monsters Potions b - 4 potions of holy water k - a blessed potion of gain energy v - a potion of restore ability z - a potion of water Rings o - a ring of see invisible Tools h - a leather drum Spells and supernatural/magical abilities: Name Level Category Fail Memory h - healing 1 healing 0% 95% n - detect monsters 1 divination 0% 95% W - pray for help -- divine ? -- X - turn undead -- divine ? -- Your skills at the end: Fighting Skills Weapon Skills mace [Basic] Spellcasting Skills clerical spells [Basic] Final Attributes: You were piously aligned. You had infravision. You were held by a large mimic. You are dead. Vanquished creatures: a hobbit a red mold a gnome zombie a gecko 6 jackals a goblin 3 sewer rats 5 grid bugs a lichen 3 kobold zombies a newt 24 creatures vanquished. Voluntary challenges: You used a wielded weapon 27 times, starting on turn 178. You were illiterate. You never genocided any monsters. You never polymorphed an object. You never changed form. You used no wishes. You never split a pudding. You never wrote Elbereth's name. You never violated your personal moral code. Dungeon overview: The Dungeons of Doom: levels 1 to 3 Level 1 a long staircase Level 2 a fountain Level 3 <- You were here a potion shop, many fountains a long staircase History has recorded: On T:1 you entered the Dungeons of Doom to retrieve the Amulet of Yendor! On T:403 you reached level 2 of The Dungeons of Doom. On T:772 you reached level 3 of The Dungeons of Doom. On T:843 you advanced to experience level 2. Score breakdown: Gold: 0 ( 0 points) Experience: 2 levels ( 5570 points) Exploration: 3 levels ( 6.25%) ( 6188 points) Discoveries: 0 items ( 0.00%) ( 0 points) Valuables value: (no points given unless you survive) Artifact value: 0 ( 0 points) Variety of kills: 11 monsters ( 2.89%) ( 5097 points) Turncount: 1074 turns ( 0 points) Survival: died (score multiplied by 80%) Total score: 13484 Latest messages: You destroy the gnome zombie! You are carrying too much to get through. You stop. Qwerty is in the way! The door opens. You see here 11 bamboo arrows. x - 11 bamboo arrows. You miss the lichen. You kill the lichen! "Hello, Moon! Welcome to Syktywkar's liquor emporium!" You see here a potion of water (6 zorkmids). "For you, most gracious sir; only 6 for this potion of water." You have a little trouble lifting z - a potion of water (unpaid, 6 zorkmids). Your movements are slowed slightly because of your load. You see here an emerald potion (533 zorkmids). Wait! That's a large mimic! You hit the large mimic. The large mimic hits! You hit the large mimic. You miss the large mimic. You hit the large mimic! The large mimic hits! You hit the large mimic. (3x) The large mimic hits! You die... Syktywkar comes and takes all your possessions. Final status: Goodbye Moon the Priest, killed by a large mimic... You died in The Dungeons of Doom on dungeon level 3 with 13484 points, and 0 pieces of gold, after 1074 moves. You were level 2 with a maximum of 16 hit points when you died.